 Dungeon Crawl Stone Soup version 0.28.0 (webtiles) character file.

Game seed: 14423362874560241995

4817 BridgetMcLeod the Vandal (level 10, -1/62 HPs)
             Began as a Human Earth Elementalist on Feb 10, 2022.
             Was a High Priest of Hepliaklqana.
             Succumbed to a gnoll sergeant's poison
             ... on level 9 of the Dungeon.
             The game lasted 01:30:35 (10293 turns).

BridgetMcLeod the Vandal (HuEE)                    Turns: 10293, Time: 01:30:36

Health: -1/62      AC:  2    Str: 11    XL:     10   Next: 77%
Magic:  2/16       EV: 24    Int: 17    God:    Hepliaklqana [*****.]
Gold:   401        SH:  0    Dex: 23    Spells: 4/18 levels left

rFire   . . .      SeeInvis .   (weapon currently unavailable)
rCold   . . .      Faith    +   (shield currently unavailable)
rNeg    . . .      Spirit   .   (armour currently unavailable)
rPois   x          Reflect  .   (helmet currently unavailable)
rElec   .          Harm     .   (cloak currently unavailable)
rCorr   .          Rampage  .   (gloves currently unavailable)
Will    .....                   (boots currently unavailable)
Stlth   +.........              d - amulet of faith
HPRegen 1.00/turn               a - +6 ring of dexterity
MPRegen 0.15/turn               (no ring)

@: confused, lethally poisoned (-1 -> -34), spider-form (expiring)
A: venomous fangs, reduced essence, tiny, clumsy 1, (poison resistance),
regeneration 1, MP-powered wands
a: End Transformation, Renounce Religion, Recall Ancestor, Ancestor Identity,
Transference, Idealise


You were on level 9 of the Dungeon.
You worshipped Hepliaklqana.
Hepliaklqana was extremely pleased with you.
You were a venomous arachnid creature.
You visited 1 branch of the dungeon, and saw 9 of its levels.

You collected 458 gold pieces.
You spent 57 gold pieces at shops.

Inventory:

Hand Weapons
 e - a +0 hunting sling of flaming (melded)
 q - a +1 quarterstaff of speed
Missiles
 c - 363 stones (quivered)
 g - 66 sling bullets
 t - 4 javelins
Armour
 i - an orb of light (melded)
 l - a +1 animal skin (melded)
Jewellery
 a - a +6 ring of dexterity (left front leg)
 d - an amulet of faith (around neck)
 p - the amulet of Nyiw {Acrobat Harm Slay+2}
   (You found it on level 7 of the Dungeon)

   [amulet of the acrobat]

   It increases your evasion while moving and waiting.
   Slay:      It affects your accuracy & damage with ranged weapons and melee
   (+2).
   Harm:      It increases damage dealt and taken.
Wands
 n - a wand of charming (5)
Scrolls
 b - a scroll of identify
 j - a scroll of fog
 k - a scroll of amnesia
Potions
 f - a potion of invisibility
 h - 3 potions of ambrosia
 m - a potion of flight
 r - a potion of lignification


   Skills:
 + Level 2.9 Fighting
 + Level 2.8 Staves
 + Level 6.0(6.3) Slings
 + Level 2.8(4.8) Throwing
 * Level 5.4 Dodging
 + Level 3.0 Stealth
 + Level 0.4 Unarmed Combat
 + Level 4.6 Spellcasting
 * Level 5.0 Conjurations
 * Level 6.0 Transmutations
 + Level 4.9 Earth Magic
 + Level 0.4 Poison Magic
 * Level 5.3 Invocations
 + Level 1.0 Evocations


You had 4 spell levels left.
You knew the following spells:

 Your Spells              Type           Power      Damage    Failure   Level
a - Spider Form           Tmut/Pois      14%        N/A       28%         3
b - Passwall              Tmut/Erth      18%        N/A       9%          2
c - Stone Arrow           Conj/Erth      40%        3d9       17%         3
d - Petrify               Tmut/Erth      22%        N/A       34%         4
e - Wereblood             Tmut           24%        N/A       8%          2

Your spell library contained the following spells:

 Spells                   Type           Power      Damage    Failure   Level
 Beastly Appendage        Tmut           48%        N/A       6%          1
 Sandblast                Erth           40%        2d10      8%          1
 Animate Armour           Summ/Erth      24%        N/A       69%         4
 Animate Dead             Necr           1%         N/A       94%         4
 Blade Hands              Tmut           12%        N/A       56%         5
 Borgnjor's Vile Clutch   Necr/Erth      6%         N/A       94%         5
 Iron Shot                Conj/Erth      10%        9d3       99%         6
 Death Channel            Necr           1%         N/A       100%        6


Dungeon Overview and Level Annotations

Branches:
Dungeon (9/15)             Temple (0/1) D:5
   Lair: D:8-11         Orc: D:9-12

Altars:
Ashenzari
Cheibriados
Hepliaklqana
Nemelex Xobeh
Okawaru
Qazlal
Ru
Vehumet
Wu Jian
Xom
Zin

Shops:
D:1 =   D:3 (

Annotations:
D:5 3 runed translucent doors, Sanktem7's ghost, amateur MiFi; browni3141's ghost, amateur MiBe; browni3141's ghost, novice MiBe
D:9 1 runed translucent door, Joseph; PBDoughboyy's ghost, novice GnCA


Innate Abilities, Weirdness & Mutations

You are a venomous arachnid creature.
You have poisonous fangs.
You are tiny and dextrous.
Your spellcasting is less reliable in this form.
Your armour is entirely melded.
You are incapable of wielding weapons or throwing items.
Your life essence is reduced to manifest your ancestor. (-10% HP)
You are clumsy. (Dex -2)
((Your system is resistant to poisons. (rPois)))
Your natural rate of healing is unusually fast.
You expend magic power (3 MP) to strengthen your wands.


Message History

Your +1 animal skin melds into your body.
Your +0 hunting sling of flaming stops flaming.
The gnoll sergeant blocks Quintus's attack.
Joseph hits Quintus with a +0 quarterstaff!
The gnoll sergeant completely misses you.
Quintus hits the gnoll sergeant but does no damage.
Joseph hits Quintus with a +0 quarterstaff!
You hit the gnoll sergeant but do no damage.
The gnoll sergeant is moderately wounded.
Quintus hits the gnoll sergeant with a +0 dagger of draining.
Joseph barely misses Quintus.
The gnoll sergeant hits Quintus with a +5 trident of venom!
Quintus is destroyed!
The gnoll sergeant shouts!
You hit the gnoll sergeant but do no damage.
The gnoll sergeant is poisoned.
The gnoll sergeant is heavily wounded.
The gnoll sergeant misses you.
Joseph unwields a +0 quarterstaff.
Joseph wields a +0 hunting sling.
Joseph shoots a sling bullet.
The sling bullet hits you!
A centaur zombie comes into view.
Joseph shoots a sling bullet.
The sling bullet hits you!
Joseph zaps a wand.
You easily resist.
Joseph shoots a sling bullet.
The sling bullet completely misses you.
Your transformation is almost over.
The gnoll sergeant is no longer moving slowly.
Joseph zaps a wand.
Your will is overpowered!
You are confused.
You bump into the rock wall.
Joseph zaps a wand.
You easily resist.
Joseph says, "I'm here to kill trespassers.
I like my job."
The gnoll sergeant hits you with a +5 trident of venom!
You are poisoned.
The gnoll sergeant blocks your attack.
The gnoll sergeant is severely wounded.
You feel very sick.
The gnoll sergeant hits you with a +5 trident of venom!
* * * LOW HITPOINT WARNING * * *
You are lethally poisoned!
Unknown command.
You die...

#..# ############..#
...........<..######
^....................
..................###
################..#
################..############
.......(....@.Z.............[#
..............g.s............#
.................###########.#
.................# #.#
.................###########.#
.............................#
.............................#
.....................[.......#
########.###################.#
#.# #.#


You could see Joseph, a gnoll sergeant (poisoned) and a centaur zombie.

Vanquished Creatures
  A two-headed ogre (D:9)
  Pikel (D:5)
  2 wyverns (D:7)
  Grum (D:8)
  A steam dragon (D:6)
  Menkaure (D:4)
  Duvessa (D:7)
  A water moccasin (D:5)
  2 sky beasts
  An ice beast (D:8)
  2 ogres
  3 wolves (D:8)
  A centaur (D:8)
  A phantom (D:6)
  Blork the orc (D:5)
  Dowan (D:7)
  A killer bee (D:5)
  4 wights (D:8)
  A howler monkey (D:8)
  A bullfrog zombie (D:5)
  2 jellies
  A centaur zombie (D:6)
  An orc priest (D:8)
  A hound (D:5)
  An iguana (D:6)
  3 orc wizards (D:8)
  2 killer bee zombies
  A howler monkey zombie (D:7)
  Robin (D:4)
  12 gnolls
  2 howler monkey skeletons
  4 adders
  A shadow imp (D:8)
  An adder skeleton (D:4)
  A worm (D:4)
  4 dart slugs
  25 orcs
  6 ball pythons
  4 bats (D:1)
  7 endoplasms
  2 giant cockroaches
  30 goblins
  17 hobgoblins
  5 kobolds
  5 quokkas
  6 frilled lizards
  5 rats
178 creatures vanquished.

Vanquished Creatures (collateral kills)
  A wyvern (D:9)
  An orc warrior (D:9)
  An ice beast (D:7)
  An ogre (D:5)
  A bullfrog (D:7)
  A gnoll sergeant (D:8)
  A wyvern zombie (D:7)
  A wyvern skeleton (D:6)
  A howler monkey (D:5)
  A wight (D:8)
  A centaur zombie (D:6)
  An iguana (D:6)
  4 orc wizards
  An adder (D:2)
  5 gnolls
  5 orcs
  An endoplasm (D:3)
  8 goblins (D:4)
  10 hobgoblins (D:4)
  3 kobolds
  A quokka (D:3)
  A frilled lizard (D:3)
  A quokka skeleton (D:3)
52 creatures vanquished.

Vanquished Creatures (others)
  7 hexers
  A goblin (D:4)
  2 ancestors (D:3)
  5 plants (D:1)
15 creatures vanquished.

Grand Total: 245 creatures vanquished

Notes
Turn   | Place    | Note
-------+----------+-------------------------------------------
     0 | D:1      | BridgetMcLeod the Human Earth Elementalist began the quest
                  | for the Orb.
     0 | D:1      | Reached XP level 1. HP: 13/13 MP: 3/3
   120 | D:1      | Reached XP level 2. HP: 19/19 MP: 3/5
   123 | D:1      | Learned a level 2 spell: Passwall
   551 | D:1      | Reached XP level 3. HP: 24/24 MP: 3/6
   555 | D:1      | Learned a level 3 spell: Stone Arrow
   576 | D:1      | Found Quariere's One-of-a-Kind Rings.
   790 | D:1      | Found a faded altar of an unknown god.
   797 | D:1      | Prayed at the altar of an unknown god.
   797 | D:1      | Became a worshipper of Hepliaklqana the Forgotten
   797 | D:1      | Reached * piety under Hepliaklqana
  1501 | D:3      | Noticed a sky beast
  1511 | D:3      | Killed a sky beast
  1512 | D:3      | Reached skill level 1 in Fighting
  1512 | D:3      | Reached XP level 4. HP: 28/28 MP: 4/8
  1512 | D:3      | Reached XP level 5. HP: 33/33 MP: 4/9
  1592 | D:3      | Learned a level 4 spell: Petrify
  2077 | D:3      | Reached skill level 1 in Invocations
  2197 | D:3      | Found Mytisatu's Weapon Shoppe.
  2217 | D:3      | Bought 17 stones for 17 gold pieces
  2217 | D:3      | Bought a +0 quarterstaff for 40 gold pieces
  2384 | D:3      | Reached XP level 6. HP: 38/38 MP: 10/10
  2388 | D:3      | Reached skill level 1 in Slings
  2424 | D:3      | Reached skill level 1 in Conjurations
  2588 | D:3      | Reached ** piety under Hepliaklqana
  2589 | D:3      | Remembered your ancestor Quintus as a hexer
  2814 | D:4      | Found a glowing silver altar of Zin.
  3177 | D:4      | Noticed Menkaure
  3184 | D:4      | Killed Menkaure
  3321 | D:4      | Reached XP level 7. HP: 34/43 MP: 4/11
  3339 | D:4      | Learned a level 2 spell: Wereblood
  3635 | D:4      | Noticed Robin
  3649 | D:4      | Killed Robin
  4583 | D:5      | Entered Level 5 of the Dungeon
  4627 | D:5      | Reached skill level 1 in Throwing
  4664 | D:5      | Noticed Blork the orc
  4675 | D:5      | Killed Blork the orc
  4678 | D:5      | Reached XP level 8. HP: 49/49 MP: 2/12
  4695 | D:5      | Found a staircase to the Ecumenical Temple.
  4905 | D:5      | Found a runed translucent gate.
  4906 | D:5      | Found a runed translucent gate.
  4907 | D:5      | Found a runed translucent gate.
  4908 | D:5      | Noticed browni3141's ghost (amateur MiBe)
  4908 | D:5      | Noticed Sanktem7's ghost (amateur MiFi)
  4908 | D:5      | Noticed browni3141's ghost (novice MiBe)
  5007 | D:5      | Reached *** piety under Hepliaklqana
  5123 | D:5      | Noticed Pikel
  5146 | D:5      | Killed Pikel
  5153 | D:5      | Reached skill level 1 in Staves
  5263 | D:5      | Noticed Ijyb
  5266 | D:5      | Noticed Ijyb
  5266 | D:5      | Ijyb changed into Ijyb the killer bee
  5276 | D:5      | Killed Ijyb the killer bee
  5277 | D:5      | Reached XP level 9. HP: 16/54 MP: 2/15
  6347 | D:6      | Learned a level 3 spell: Spider Form
  6824 | D:6      | Found a sacrificial altar of Ru.
  6925 | D:6      | Found a snail-covered altar of Cheibriados.
  6998 | D:6      | Reached skill level 5 in Slings
  7513 | D:7      | Gained mutation: You are clumsy. (Dex -2) [potion of
                  | mutation]
  7513 | D:7      | Gained mutation: Your natural rate of healing is unusually
                  | fast. [potion of mutation]
  7513 | D:7      | Gained mutation: You expend magic power (3 MP) to
                  | strengthen your wands. [potion of mutation]
  7513 | D:7      | Gained mutation: Your system is resistant to poisons.
                  | (rPois) [potion of mutation]
  7592 | D:7      | Reached **** piety under Hepliaklqana
  7947 | D:7      | Identified the amulet of Nyiw {Acrobat Harm Slay+2}
  8509 | D:7      | Noticed Duvessa
  8509 | D:7      | Noticed Dowan
  8530 | D:7      | Reached XP level 10. HP: 58/61 MP: 8/16
  8592 | D:7      | Killed Duvessa
  8602 | D:7      | Killed Dowan
  8603 | D:7      | Reached skill level 5 in Transmutations
  8775 | D:8      | Found a broken altar of Ashenzari.
  8779 | D:8      | Saw a vision of the Shoals and the Spider Nest.
  8779 | D:8      | Noticed a sea snake
  8780 | D:8      | Noticed a sea snake
  8879 | D:8      | Noticed Grum
  8884 | D:8      | Reached skill level 1 in Evocations
  9081 | D:8      | Found a sparkling altar of Nemelex Xobeh.
  9081 | D:8      | Found a radiant altar of Vehumet.
  9082 | D:8      | Found a stormy altar of Qazlal.
  9104 | D:8      | Found a shimmering altar of Xom.
  9106 | D:8      | Found an ornate altar of the Wu Jian Council.
  9204 | D:8      | Found an iron altar of Okawaru.
  9477 | D:8      | Reached skill level 5 in Invocations
  9691 | D:8      | Killed Grum
  9942 | D:9      | Reached skill level 5 in Dodging
 10074 | D:9      | Found a runed translucent door.
 10074 | D:9      | Noticed PBDoughboyy's ghost (novice GnCA)
 10150 | D:9      | Reached ***** piety under Hepliaklqana
 10226 | D:9      | Noticed a two-headed ogre
 10255 | D:9      | Killed a two-headed ogre
 10256 | D:9      | Reached skill level 5 in Conjurations
 10257 | D:9      | Noticed Joseph
 10293 | D:9      | Succumbed to a gnoll sergeant's poison

Illustrated notes

Levels and vault maps discovered:
D:1:      arrival_zaba_pyramid, layout_loops_ring,
          dilly_ecumenical_altar_fadedgnrine, nicolae_shop_unique_rings,
          minmay_bisected
D:2:      layout_rooms
D:3:      minmay_chambers_of_threes, layout_loops_cross, serial_shops, shop
D:4:      minmay_goblin_kobold_castle, layout_basic,
          mainiacjoe_overflow_alcove_1, uniq_menkaure, uniq_robin
D:5:      layout_loops_ring, temple_fountains, gammafunk_ghost_cemetery,
          uniq_ijyb, uniq_blork_the_orc, uniq_pikel
D:6:      layout_basic, mainiacjoe_overflow_concentric_impassable,
          kennysheep_little_box
D:7:      layout_basic, uniq_duvessa
D:8:      layout_rooms, grunt_ashenzari_visionary
          [grunt_ashenzari_visionary_shoals, grunt_ashenzari_visionary_spider],
          mainiacjoe_overflow_alcove_4, nicolae_overflow_hidden_temple,
          minmay_door_square, minmay_misc_feat_cross,
          nicolae_figureground_sparkle, uniq_grum
D:9:      minmay_distorted_concentric_squares, layout_long_grid,
          lair_entry_dummy, hellmonk_ghost_happy_afterlife, uniq_joseph

Skill      XL: |  1  2  3  4  5  6  7  8  9 10 |
---------------+-------------------------------+-----
Fighting       | 1 2 |  2.9
Spellcasting   | 3 4 |  4.6
Earth Magic    | 4 |  4.9
Invocations    | 1 2 3 4 5 |  5.3
Slings         | 2 3 5 6 |  6.0
Conjurations   | 1 2 3 4 5 |  5.0
Transmutations | 2 3 4 6 |  6.0
Throwing       | 1 2 |  2.8
Dodging        | 3 4 5 |  5.4
Staves         | 1 2 |  2.8
Evocations     | 1 |  1.0
Stealth        | 3 |  3.0
Unarmed Combat | |  0.4
Poison Magic   | |  0.4

Action                   |  1- 3 |  4- 6 |  7- 9 | 10-12 || total
-------------------------+-------+-------+-------+-------++-------
Melee: Quarterstaff      |       |       |    40 |    62 ||   102
       Unarmed           |       |       |     8 |    11 ||    19
 Fire: Hunting sling     |    12 |    71 |   131 |    55 ||   269
Throw: Stone             |       |       |    99 |       ||    99
       Javelin           |       |       |    16 |     8 ||    24
       Throwing net      |       |       |     2 |     5 ||     7
 Cast: Sandblast         |    38 |     5 |       |       ||    43
       Stone Arrow       |     2 |    13 |    65 |    35 ||   115
       Wereblood         |       |       |     2 |       ||     2
       Spider Form       |       |       |     3 |     5 ||     8
Invok: Recall Ancestor   |     2 |       |     1 |       ||     3
       Ancestor Identity |     1 |     1 |       |       ||     2
       Ancestor Life: He |       |     1 |       |       ||     1
       Transference      |       |       |       |     2 ||     2
Evoke: Wand              |       |       |     8 |     3 ||    11
  Use: Scroll            |     8 |       |     9 |     7 ||    24
       Potion            |       |     1 |     9 |     9 ||    19
 Stab: Invisible         |       |       |       |     2 ||     2
       Distracted        |       |       |       |     1 ||     1
       Held in net/web   |       |       |       |     1 ||     1
Armor: Robe              |     2 |     2 |    17 |       ||    21
       Skin              |       |       |    30 |    22 ||    52
       Animal skin       |       |       |       |     1 ||     1
Dodge: Dodged            |     4 |     7 |    87 |    43 ||   141
